 Dungeon Crawl Stone Soup version 0.24-a0-458-gfcb5e6da0e (webtiles) character file.

Game seed: 7317211179153601214

1145 Krouwed the Reanimator (level 8, -1/52 HPs)
             Began as a Demonspawn Necromancer on June 27, 2019.
             Slain by a gargoyle
             ... wielding a +0 mace
              (15 damage)
             ... on level 6 of the Dungeon.
             The game lasted 00:23:57 (6252 turns).

Krouwed the Reanimator (Demonspawn Necromancer)     Turns: 6252, Time: 00:23:58

Health: -1/52      AC: 14    Str:  9 (12) XL:     8   Next: 15%
Magic:  0/15       EV: 12    Int: 16 (18) God:
Gold:   154        SH:  0    Dex: 12 (13) Spells: 3/17 levels left

rFire    . . .     SeeInvis .   z - +2 flail (protect)
rCold    + . .     Gourm    .   (no shield)
rNeg     . . .     Faith    .   a - +2 robe
rPois    .         Spirit   +   (helmet restricted)
rElec    .         Reflect  .   (no cloak)
rCorr    .         Harm     .   u - +2 pair of gloves
MR       .....                  (no boots)
Stlth    +++.......             (no amulet)
HPRegen  0.57/turn              o - +2 ring of strength
MPRegen  0.14/turn              i - ring of protection from cold

@: protection aura
A: horns 2, camouflage 1, regeneration 1, spiny 1, magic shield
a: no special abilities


You were on level 6 of the Dungeon.
You were not hungry.

You visited 1 branch of the dungeon, and saw 6 of its levels.

You collected 303 gold pieces.
You spent 149 gold pieces at shops.

Inventory:

Hand Weapons
 d - a +0 mace
 z - a +2 flail of protection (weapon)
Missiles
 y - 17 poisoned darts (quivered)
Armour
 a - a +2 robe (worn)
 u - a +2 pair of gloves (worn)
Jewellery
 i - a ring of protection from cold (right hand)
 o - a +2 ring of strength (left hand)
 s - an uncursed amulet of faith
 A - an uncursed ring of wizardry
Wands
 t - a wand of polymorph (8)
 w - a wand of flame (17)
Scrolls
 b - a scroll of noise {unknown}
 g - a scroll of teleportation
 h - 2 scrolls of remove curse
 k - a scroll of amnesia {unknown}
 l - 2 scrolls of fog {unknown}
 r - a scroll of immolation {unknown}
 v - a scroll of fear {unknown}
 x - 3 scrolls of magic mapping {unknown}
Potions
 e - 3 potions of brilliance
 f - a potion of haste {unknown}
 j - a potion of lignification {unknown}
 m - a potion of degeneration
 n - a potion of heal wounds {unknown}
 p - 2 potions of curing
 q - 2 potions of mutation
 B - a potion of might {unknown}
Comestibles
 c - 6 rations
 C - 5 chunks of flesh


   Skills:
 - Level 1.7 Dodging
 - Level 1.7 Stealth
 + Level 5.2 Spellcasting
 * Level 9.5 Necromancy
 + Level 1.9 Earth Magic


You had 3 spell levels left.
You knew the following spells:

 Your Spells              Type           Power        Failure   Level  Hunger
a - Pain                  Necr           ####         1%          1    None
b - Animate Skeleton      Necr           N/A          1%          1    None
c - Vampiric Draining     Necr           ####......   1%          3    ###....
d - Animate Dead          Necr           N/A          3%          4    ####...
e - Borgnjor's Vile Clut  Necr/Erth      ###.......   36%         5    ######.

Your spell library contained the following spells:

 Spells                   Type           Power        Failure   Level  Hunger
 Corpse Rot               Necr           N/A          1%          2    #......
 Regeneration             Chrm/Necr      ###.......   6%          3    ###....
 Ozocubu's Refrigeration  Ice            #.........   100%        6    #######


Dungeon Overview and Level Annotations

Branches:
Dungeon (6/15)
 Temple: D:4-7

Altars:
Trog
Uskayaw

Shops:
D:4 [


Innate Abilities, Weirdness & Mutations

You have a pair of horns on your head.
You are partially covered in sharp spines.
When hurt, damage is shared between your health and your magic reserves.
Your skin changes colour to match your surroundings (Stealth+).
Your natural rate of healing is unusually fast.


Message History

The gargoyle hits you with a +0 mace!
* * * LOW HITPOINT WARNING * * *
Your bullfrog skeleton hits the giant cockroach.
Casting: Animate Dead (safe; 2% risk of failure)
Confirm with . or Enter, or press ? or * to list all spells.
You don't have enough magic to cast that spell.
It was a potion of curing.
You feel better.
The giant cockroach barely misses your bullfrog skeleton.
Your bullfrog skeleton hits the giant cockroach but does no damage.
The gargoyle hits you with a +0 mace!
* * * LOW HITPOINT WARNING * * *
The giant cockroach barely misses your bullfrog skeleton.
Your bullfrog skeleton hits the giant cockroach.
The giant cockroach dies!
It was a potion of degeneration.
There was something very wrong with that liquid.
You feel weakened.
You feel dopey.
You feel clumsy.
Your bullfrog skeleton closely misses the gargoyle.
The gargoyle hits you with a +0 mace!
You die...

##...........##
#...>........# ..
##...........# .≈..
#...........#
.≈$..#...........#
9.§...'...........#
$.≈$..#..F†......#
..≈...#...#Z9...####
..... #####@##......
..... #.........##
....# #.##.####.# ##
..###.##.##.# # # .##
#......##.. .#.. ..#
#.......####..#.
..######..####.........
..#.........###.....##
..#.# ###....##.....###


You could see a gargoyle and a friendly bullfrog skeleton.

Vanquished Creatures
  An ice beast (D:5)
  3 ogres
  A centaur (D:5)
  A phantom (D:6)
  2 bullfrogs (D:6)
  A bullfrog zombie (D:5)
  A bullfrog skeleton (D:5)
  A hound (D:4)
  A jelly (D:6)
  An iguana (D:6)
  Ijyb (D:4)
  A hound zombie (D:5)
  6 gnolls
  10 adders
  A shadow imp (D:6)
  3 worms
  2 leopard geckos
  13 orcs
  A ball python (D:1)
  7 bats
  A giant cockroach (D:3)
  2 hobgoblins
  8 jackals
  9 kobolds
  2 frilled lizards (D:1)
  11 goblins
  5 rats
96 creatures vanquished.

Vanquished Creatures (collateral kills)
  2 orc wizards
  A worker ant (D:4)
  A hound zombie (D:5)
  An ooze (D:2)
  2 worms
  A dart slug (D:3)
  A leopard gecko (D:1)
  2 orcs
  A giant cockroach (D:6)
  A hobgoblin (D:1)
  4 kobolds
  A quokka (D:5)
  A ball python (D:4)
19 creatures vanquished.

Grand Total: 115 creatures vanquished

Notes
Turn   | Place    | Note
-------+----------+-------------------------------------------
     0 | D:1      | Krouwed the Demonspawn Necromancer began the quest for the
                  | Orb.
     0 | D:1      | Reached XP level 1. HP: 13/13 MP: 3/3
    34 | D:1      | Learned a level 1 spell: Animate Skeleton
    55 | D:1      | Gained mutation: You are partially covered in sharp spines.
                  | [demonic ancestry]
    55 | D:1      | Reached XP level 2. HP: 6/19 MP: 0/5
   593 | D:1      | Reached skill level 5 in Necromancy
   924 | D:1      | Reached XP level 3. HP: 19/24 MP: 1/6
  1374 | D:2      | HP: 1/24 [gnoll/+0 spear (10)]
  1861 | D:2      | Noticed a phantom
  2149 | D:2      | Learned a level 3 spell: Vampiric Draining
  2208 | D:2      | Gained mutation: When hurt, damage is shared between your
                  | health and your magic reserves. [demonic ancestry]
  2208 | D:2      | Reached XP level 4. HP: 20/30 MP: 2/8
  2880 | D:3      | Reached skill level 6 in Necromancy
  3307 | D:3      | Gained mutation: You have a pair of small horns on your
                  | head. [demonic ancestry]
  3307 | D:3      | Reached XP level 5. HP: 23/35 MP: 5/9
  4003 | D:4      | Learned a level 4 spell: Animate Dead
  4095 | D:4      | Noticed Ijyb
  4105 | D:4      | Killed Ijyb
  4245 | D:4      | Found Figgeon's Armour Shoppe.
  4253 | D:4      | Bought a +1 pair of gloves for 149 gold pieces
  4419 | D:4      | Noticed an ogre
  4439 | D:4      | Killed an ogre
  4439 | D:4      | Reached skill level 7 in Necromancy
  4439 | D:4      | Gained mutation: You have a pair of horns on your head.
                  | [demonic ancestry]
  4439 | D:4      | Reached XP level 6. HP: 22/41 MP: 2/11
  4470 | D:4      | Noticed a +0 hand axe
  4471 | D:4      | Noticed a +0 hand axe
  4473 | D:4      | Found a hide-covered altar of Uskayaw.
  5190 | D:5      | Entered Level 5 of the Dungeon
  5217 | D:5      | Gained mutation: Your skin changes colour to match your
                  | surroundings (Stealth+). [potion of mutation]
  5217 | D:5      | Gained mutation: Your natural rate of healing is unusually
                  | fast. [potion of mutation]
  5218 | D:5      | Reached skill level 8 in Necromancy
  5218 | D:5      | Reached XP level 7. HP: 11/46 MP: 1/13
  5413 | D:5      | Identified Zaewkip's Papyrus of Frigorific Darkness
  5421 | D:5      | Learned a level 5 spell: Borgnjor's Vile Clutch
  5665 | D:5      | Reached skill level 9 in Necromancy
  5745 | D:5      | Found a bloodstained altar of Trog.
  5775 | D:5      | Reached skill level 1 in Earth Magic
  6085 | D:6      | Reached skill level 5 in Spellcasting
  6192 | D:6      | Reached XP level 8. HP: 50/52 MP: 11/15
  6220 | D:6      | Noticed a gargoyle
  6252 | D:6      | Slain by a gargoyle

Levels and vault maps discovered:
D:1:      dpeg_arrival_orchard, layout_basic
D:2:      layout_basic, grunt_ministairs_10, cheibrodos_gnoll_hut
D:3:      layout_basic, serial_corexii_hall, chequers_hall_statues_y,
          chequers_hall_statues_y
D:4:      layout_gridville, dancing_weapons_uskayaw, serial_shops, shop,
          grunt_decor_resistance, dk_noncrumbling_3, minmay_bisected, uniq_ijyb
D:5:      layout_loops_ring, first_ration, solitary_fountain, trog_hazing_becter
D:6:      layout_rooms, grunt_potential

Skill      XL: |  1  2  3  4  5  6  7 |
---------------+----------------------+-----
Necromancy     | 5 6 7 8 9 |  9.5
Spellcasting   | 3 4 5 |  5.2
Earth Magic    | 1 |  1.9
Dodging        | |  1.7
Stealth        | |  1.7

Action                   |  1- 3 |  4- 6 |  7- 9 || total
-------------------------+-------+-------+-------++-------
Melee: Mace              |    41 |    74 |    59 ||   174
       Headbutt          |       |     7 |    15 ||    22
       Flail             |       |       |    28 ||    28
Throw: Dart              |       |    20 |    22 ||    42
 Cast: Pain              |    37 |    34 |    10 ||    81
       Animate Skeleton  |     7 |    12 |     4 ||    23
       Vampiric Draining |       |     8 |       ||     8
       Animate Dead      |       |       |     1 ||     1
  Use: Scroll            |     4 |     4 |     3 ||    11
       Potion            |       |     1 |     2 ||     3
 Stab: Sleeping          |     2 |     6 |     2 ||    10
  Eat: Chunk             |     4 |    11 |     4 ||    19
Armor: Robe              |    14 |    19 |    30 ||    63
Dodge: Dodged            |    41 |    72 |    61 ||   174

Table legend:
 A = Non-vault XP
 B = Vault XP
 C = Vault XP percentage of total XP
 D = Non-vault monster count
 E = Vault monster count
 F = Vault count percentage of total count
                 A         B        C        D         E       F
            +---------+---------+-------+---------+---------+-------
      Total |    1463 |     173 |  10.6 |      98 |      17 |  14.8
            +---------+---------+-------+---------+---------+-------
        D:1 |      43 |       0 |   0.0 |      20 |       0 |   0.0
        D:2 |      57 |      24 |  29.6 |      17 |       5 |  22.7
        D:3 |     130 |       0 |   0.0 |      23 |       0 |   0.0
        D:4 |     387 |      41 |   9.6 |      14 |       3 |  17.6
        D:5 |     546 |      10 |   1.8 |      16 |       6 |  27.3
        D:6 |     300 |      98 |  24.6 |       8 |       3 |  27.3
            +---------+---------+-------+---------+---------+-------
